[Event "Marienbad GM-I 2022"]
[Site "Marianske Lazne"]
[Date "2022.01.15"]
[Round "1.5"]
[White "Gungl, Theo"]
[Black "Lim, Zhuo Ren"]
[Result "1/2-1/2"]
[ECO "E46"]
[WhiteElo "2368"]
[BlackElo "2311"]
[Annotator "ChessBase"]
[PlyCount "79"]
[EventDate "2022.01.15"]
[EventType "tourn"]
[EventCountry "CZE"]
[SourceTitle "playchess.com"]
[Source "ChessBase"]
[SourceQuality "1"]
[TimeControl "40/5400+30:1800+30"]

1. d4 Nf6 2. c4 e6 3. Nc3 Bb4 4. e3 O-O 5. Bd2 d5 6. Nf3 b6 7. cxd5 exd5 8. Bd3 Bd6 9. h3 Re8 10. O-O Bb7 11. Qb1 Nbd7 12. b4 Ne4 13. b5 h5 14. Ne2 a5 15. bxa6 Nxd2 16. Nxd2 Bxa6 17. a4 Nf6 18. Nc3 c6 19. Rc1 Bc7 20. Nf1 Bxd3 21. Qxd3 Qd6 22. Qc2 Re6 23. Ne2 Qd7 24. Nd2 Ne4 25. Nxe4 dxe4 26. Nc3 Rae8 27. Kf1 f5 28. Qb3 Kh7 29. d5 Rg6 30. Rd1 Be5 31. Rac1 Bxc3 32. Rxc3 Rd8 33. Qxb6 cxd5 34. Qb5 Qd6 35. Kg1 Qf6 36. Rc5 Qg5 37. Qf1 Rgd6 38. Qb5 Rg6 39. Qf1 Rgd6 40. Qb5 1/2-1/2